 Dungeon Crawl Stone Soup version 0.32-a0-868-g153ae1a8d6 (webtiles) character file.

Game seed: 17181559007645280192

57 Biggs the Slasher (level 4, -5/33 HPs)
             Began as a Coglin Gladiator on Mar 29, 2024.
             Slain by Crazy Yiuf
             ... wielding a +4 quarterstaff of chaos
              (15 damage)
             ... on level 2 of the Dungeon.
             The game lasted 00:01:37 (1150 turns).

Biggs the Slasher (Coglin Gladiator)                Turns: 1150, Time: 00:01:37

Health: -5/33      AC:  4    Str: 15    XL:     4   Next: 0%
Magic:  0/4        EV: 11    Int:  7    God:
Gold:   64         SH:  0    Dex: 17    Spells: 3/3 levels left

rFire   . . .        a - +0 long sword {Agustín}
rCold   . . .        f - +0 dagger {Bastian}
rNeg    . . .        b - +0 leather armour
rPois   .            c - +0 helmet
rElec   .            (no cloak)
rCorr   .            (no gloves)
SInv    .            (no boots)
Will    .....        (amulet unavailable)
Stlth   +            (ring unavailable)
HPRegen 0.25/turn    (ring unavailable)
MPRegen 0.09/turn    (no gizmo)

%: no passive effects
@: revving
A: off-hand wielding, slow wielding, warmup strikes, no jewellery
a: Invent Gizmo


You were on level 2 of the Dungeon.
You visited 1 branch of the dungeon, and saw 2 of its levels.

You collected 64 gold pieces.

Inventory:

Hand Weapons
 a - a +0 long sword (weapon) {Agustín}
 f - a +0 dagger (offhand) {Bastian}
Missiles
 d - 3 throwing nets (quivered)
 e - a javelin
Armour
 b - a +0 leather armour (worn)
 c - a +0 helmet (worn)
Scrolls
 h - a scroll of revelation {unknown}
Potions
 g - 2 potions of mutation {unknown}
 i - a potion of degeneration {unknown}
 j - 3 potions of might {unknown}
 k - 2 potions of curing {unknown}
 l - a potion of resistance {unknown}


   Skills:
 - Level 2.0 Fighting
 + Level 4.7 Long Blades
 - Level 1.7 Throwing
 - Level 2.6 Dodging


You had 3 spell levels left.
You didn't know any spells.
Your spell library contained the following spells:

 Spells                   Type           Power      Damage    Failure   Level
 Sandblast                Erth           0%         2d4       50%         1
 Stone Arrow              Conj/Erth      0%         3d7       86%         3
 Brom's Barrelling Bould  Conj/Erth      0%         2d3       99%         4


Dungeon Overview and Level Annotations

Branches:
Dungeon (2/15)

Altars:

Shops:
D:2 *

Annotations:
D:2 Crazy Yiuf


Innate Abilities, Weirdness & Mutations

You can wield a second weapon in your off-hand.
It takes a long time for you to wield or remove held weapons.
Your first few attacks do less damage.
You cannot equip rings or amulets.


Message History

Key pressed, stopping explore.
An endoplasm comes into view.
An endoplasm is nearby!
An endoplasm is nearby!
A kobold comes into view. It is wielding a +0 short sword.
The endoplasm quivers.
The kobold throws a stone.
The stone closely misses you.
You hit the endoplasm with your +0 long sword.
You kill the endoplasm!
The kobold barely misses you.
You slash the kobold with your +0 long sword!
You kill the kobold!
You have reached level 4!
You feel stronger.
Key pressed, stopping explore.
Key pressed, stopping explore.
Found a hammer.
Found a runed translucent door.
Crazy Yiuf shouts!
Could not explore, unopened runed door.
You open the door.
Crazy Yiuf says, "Line high light!"
You barely miss Crazy Yiuf with your +0 long sword.
You hit Crazy Yiuf with your +0 dagger.
Crazy Yiuf laughs, "Tonal!"
Crazy Yiuf hits you with a +4 quarterstaff of chaos!
Crazy Yiuf burns you.
You hit Crazy Yiuf but do no damage.
Crazy Yiuf is lightly wounded.
You barely miss Crazy Yiuf with your +0 long sword.
Crazy Yiuf misses you.
You hit Crazy Yiuf but do no damage.
Crazy Yiuf is lightly wounded.
You hit Crazy Yiuf with your +0 long sword.
Crazy Yiuf hits you with a +4 quarterstaff of chaos!
You feel your power leaking away.
You barely miss Crazy Yiuf with your +0 dagger.
Crazy Yiuf is moderately wounded.
You closely miss Crazy Yiuf with your +0 long sword.
Crazy Yiuf hits you with a +4 quarterstaff of chaos!
You die...

######### ##########
........##♣♣ ###
#.........
#####......♣♣ ♣♣#..)#
#........(
###..(......♣♣♣♣@g...#
#.........
....###......♣..♣#...#
#.........
#.....##....♣.♣♣♣ ###
#.........
#####.#.##♣♣♣♣♣
#......... #÷..#
#......... ##.####
#########.........
#..##.#
#......###...#####
####..#..# #..[...#
#†[.# #.......##
#......# #(†.#


You could see Crazy Yiuf.

Vanquished Creatures
  An adder (D:2)
  A ribbon worm (D:2)
  9 endoplasms
  3 giant cockroaches
  A goblin (D:2)
  4 hobgoblins (D:2)
  5 jackals (D:2)
  3 kobolds
  2 quokkas
  A ball python (D:1)
  5 bats
  2 rats
37 creatures vanquished.

Notes
Turn   | Place    | Note
-------+----------+-------------------------------------------
     0 | D:1      | Biggs the Coglin Gladiator began the quest for the Orb.
     0 | D:1      | Reached XP level 1. HP: 16/16 MP: 1/1
   109 | D:1      | Reached XP level 2. HP: 22/22 MP: 2/2
   584 | D:2      | Reached skill level 4 in Long Blades
   656 | D:2      | Reached XP level 3. HP: 27/27 MP: 3/3
   798 | D:2      | Found Kisiajip's General Store.
  1125 | D:2      | Reached XP level 4. HP: 33/33 MP: 4/4
  1142 | D:2      | Found a runed translucent door.
  1143 | D:2      | Noticed Crazy Yiuf
  1150 | D:2      | Slain by Crazy Yiuf

Illustrated notes

Levels and vault maps discovered:
D:1:      amcnicky_arrival_gap_in_the_tavern_cellar, layout_basic
D:2:      layout_rooms, serial_shops, shop, palyth_stone_intersect,
          uniq_crazy_yiuf_cottage

Skill      XL: |  1  2 |
---------------+-------+-----
Long Blades    | 4 |  4.7
Fighting       | |  2.0
Throwing       | |  1.7
Dodging        | |  2.6

Action                     |  1- 3 |  4- 6 || total
---------------------------+-------+-------++-------
  Melee: Long sword        |    75 |     4 ||    79
         Dagger            |    62 |     4 ||    66
 Armour: Leather armour    |    51 |     3 ||    54
  Dodge: Dodged            |    52 |     1 ||    53

Table legend: (Time is in decaauts)
 A = Elapsed time spent in this place.
 B = Non-inter-level travel time spent in this place.
 C = Inter-level travel time spent in this place.
 D = Time resting spent in this place.
 E = Time spent auto-exploring this place.
 F = Levels seen in this place.
 G = Mean time per level.
                   A        B        C        D        E       F      G
               +--------+--------+--------+--------+--------+-----+--------+
         Total |   1153 |   1145 |      8 |      0 |    934 |   2 |  576.5 |
       Dungeon |   1153 |   1145 |      8 |      0 |    934 |   2 |  576.5 |
               +--------+--------+--------+--------+--------+-----+--------+

Top non-repeatable levels by time:
     D:2: 606 daAuts
     D:1: 547 daAuts
